 Dungeon Crawl Stone Soup version 0.31-a0-971-g75a2e9a4b4 (webtiles) character file.

Game seed: 10970934405322806557

358 night the Ruffian (level 6, -6/76 HPs)
             Began as a Draconian Shapeshifter on Oct 28, 2023.
             Splashed by a jelly's acid (10 damage)
             ... on level 4 of the Dungeon.
             The game lasted 00:05:51 (2133 turns).

night the Ruffian (Draconian Shapeshifter)          Turns: 2133, Time: 00:05:52

Health: -6/76      AC: -2    Str: 16    XL:     6   Next: 37%
Magic:  6/6        EV: 12    Int: 12    God:
Gold:   121        SH:  0    Dex: 11    Spells: 5/5 levels left

rFire   . .          .
                       - Unarmed
rCold   . . .        (no shield)
rNeg    . . .        (body armour unavailable)
rPois   .            (helmet currently unavailable)
rElec   .            (cloak currently unavailable)
rCorr   .            (gloves currently unavailable)
SInv    .            (boots currently unavailable)
Will    .....        (no amulet) Stlth
                     (no ring)
HPRegen 0.32/turn    (no ring)
MPRegen 0.10/turn

%: no passive effects
@: berserking, beast-form, corroded, very quick
A: beast (slay +2), AC +6, unfitting armour, cold-blooded
a: Begin Untransformation


You were on level 4 of the Dungeon.
You were a hulking beast.
You visited 1 branch of the dungeon, and saw 5 of its levels.

You collected 121 gold pieces.

Inventory:

Missiles
 e - 24 stones
 h - 5 poisoned darts
Armour
 d - a +0 cloak
Talismans
 b - a beast talisman
 c - a flux talisman
Wands
 m - a wand of digging (5)
Potions
 a - a potion of lignification
 f - a potion of magic {unknown}
 j - a potion of attraction {unknown}
 k - a potion of cancellation


   Skills:
 + Level 3.5 Fighting
 - Level 1.7 Dodging
 * Level 5.5 Unarmed Combat
 + Level 4.2 Shapeshifting


You had 5 spell levels left.
You didn't know any spells.
Your spell library contained the following spells:

 Spells                   Type           Power      Damage    Failure   Level
 Sting                    Tmut/Pois      0%         1d3       32%         1
 Ensorcelled Hibernation  Hex/Ice        0%         N/A       45%         2
 Passwall                 Tmut/Erth      0%         N/A       45%         2
 Poisonous Vapours        Pois/Air       0%         N/A       45%         2
 Ignite Poison            Fire/Tmut/Pois 0%         N/A       69%         3
 Swiftness                Air            0%         N/A       69%         3
 Olgreb's Toxic Radiance  Pois           0%         N/A       97%         4
 Sticky Flame             Conj/Fire      0%         2d3       97%         4
 Iskenderun's Battlesphe  Conj           0%         2d6       100%        5
 Bombard                  Conj/Erth      0%         9d1       100%        6
 Spellforged Servitor     Conj/Summ      0%         N/A       100%        7
 Ignition                 Fire           0%         3d3       100%        8
 Chain Lightning          Conj/Air       0%         N/A       100%        9
 Fire Storm               Conj/Fire      0%         5d1       100%        9
 Shatter                  Erth           0%         3d5*      100%        9


Dungeon Overview and Level Annotations

Branches:
Dungeon (5/15)
 Temple: D:4-7

Altars:

Shops:
D:2 [


Innate Abilities, Weirdness & Mutations

You are a hulking beast.
Your limbs bulge with bestial killing power. (Slay +2)
Your plain brown scales are hard. (AC +6)
You cannot fit into any form of body armour.
You are cold-blooded and may be slowed by cold attacks.


Message History

You are poisoned.
The adder poisons you!
You feel sick. The ufetubus slips past you! The ufetubus barely misses you.
The ufetubus hits you.
As you read the scroll of teleportation, it crumbles to dust.
You feel strangely unstable.
You feel sick. The adder bites you but does no damage.
The ufetubus closely misses you. The ufetubus barely misses you.
The ufetubus hits you but does no damage. x2
You punch the ufetubus!
You kill the ufetubus!
You feel sick. The hound barely misses you. The adder closely misses you.
The ufetubus hits you but does no damage.
The ufetubus misses you. The hound barely misses you.
You feel sick. The endoplasm hits you. The hound bites you but does no damage.
The ufetubus slips past you!
The ufetubus hits you but does no damage.
The ufetubus barely misses you. The adder bites you but does no damage.
Your surroundings suddenly seem different.
A jelly comes into view.
Found a book of Minor Magic.
You feel sick.
You are no longer poisoned.
The jelly quivers.
You hit the jelly. The acid corrodes you!
Your hands burn!
The jelly is moderately wounded.
The jelly hits you. The acid corrodes you!
You are splashed with acid!
You are too injured to fight recklessly!
You are too injured to fight recklessly!
You hit the jelly.
Your hands burn!
* * * LOW HITPOINT WARNING * * *
The jelly is heavily wounded.
The jelly hits you.
* * * LOW HITPOINT WARNING * * *
You are splashed with acid!
* * * LOW HITPOINT WARNING * * *
A red film seems to cover your vision as you go berserk!
You feel yourself moving faster!
You feel mighty! The jelly hits you.
* * * LOW HITPOINT WARNING * * *
You are splashed with acid!
You die...

#..###....
##.......
##......#
#......##
#........##
..........#
.....#....##
.....###J..##
.#.: ##h..#
... ##.......
..# #.##...
## #.


You could see a jelly.

Vanquished Creatures
  Sigmund (D:2)
  An orc wizard (D:3)
  Natasha (twice) (D:2)
  Terence (D:2)
  A gnoll (D:2)
  2 adders (D:2)
  An ufetubus (D:4)
  A worm (D:2)
  2 orcs (D:3)
  2 ball pythons (D:2)
  4 bats
  6 endoplasms
  7 giant cockroaches
  4 goblins
  7 hobgoblins
  4 jackals
  2 quokkas
  3 frilled lizards
  5 kobolds
  5 rats
61 creatures vanquished.

Notes
Turn   | Place    | Note
-------+----------+-------------------------------------------
     0 | D:1      | night the Draconian Shapeshifter began the quest for the
                  | Orb.
     0 | D:1      | Reached XP level 1. HP: 16/16 MP: 1/1
   243 | D:1      | Reached XP level 2. HP: 23/23 MP: 2/2
   774 | D:1      | Found a faded altar of an unknown god.
   972 | D:2      | Reached XP level 3. HP: 22/29 MP: 3/3
  1195 | D:2      | Reached skill level 2 in Fighting
  1263 | D:2      | Reached skill level 4 in Unarmed Combat
  1306 | D:2      | Noticed Terence
  1333 | D:2      | Killed Terence
  1334 | D:2      | Reached XP level 4. HP: 36/36 MP: 4/4
  1419 | D:2      | Found Onwoet's Antique Armour Shop.
  1542 | D:2      | Noticed Natasha
  1550 | D:2      | Killed Natasha
  1583 | D:2      | Noticed Natasha
  1589 | D:2      | Killed Natasha
  1590 | D:2      | Reached XP level 5. HP: 34/42 MP: 5/5
  1682 | D:2      | Noticed Sigmund
  1696 | D:2      | Killed Sigmund
  1697 | D:2      | Reached skill level 5 in Unarmed Combat
  1697 | D:2      | Reached XP level 6. HP: 51/51 MP: 6/6
  2057 | D:3      | You fall into a shaft and drop 2 floors!
  2057 | D:5      | Entered Level 5 of the Dungeon
  2132 | D:4      | HP: 5/51 [acid (10)]
  2133 | D:4      | Splashed by a jelly's acid

Illustrated notes

Levels and vault maps discovered:
D:1:      reono_arrival_forest_river, layout_loops_corners,
          shapermc_ecumenical_altar_mp_highgroup
D:2:      wad_crossroads, layout_basic, serial_shops, shop, uniq_sigmund,
          uniq_terence, uniq_natasha
D:3:      layout_rooms, nicolae_wu_jian_wuxing_cycle, minmay_box_of_dots,
          uniq_crazy_yiuf_cottage
D:4:      layout_layer_cave, slow_altar_2, kennysheep_generic_room_12,
          uniq_robin
D:5:      black_bear_nest_1, layout_loops_ring, uniq_menkaure

Skill      XL: |  1  2  3  4  5 |
---------------+----------------+-----
Fighting       | 2 3 |  3.5
Unarmed Combat | 4 5 |  5.5
Shapeshifting  | 4 |  4.2
Dodging        | |  1.7

Action                     |  1- 3 |  4- 6 || total
---------------------------+-------+-------++-------
  Melee: Unarmed           |   107 |    63 ||   170
         Tailslap          |    15 |     5 ||    20
         Punch             |     2 |     1 ||     3
  Throw: Dart              |     5 |       ||     5
    Use: Scroll            |     6 |     1 ||     7
         Potion            |     2 |     1 ||     3
   Stab: Sleeping          |     3 |       ||     3
 Armour: Skin              |    42 |    59 ||   101
  Dodge: Dodged            |    66 |    79 ||   145

Table legend: (Time is in decaauts)
 A = Elapsed time spent in this place.
 B = Non-inter-level travel time spent in this place.
 C = Inter-level travel time spent in this place.
 D = Time resting spent in this place.
 E = Time spent auto-exploring this place.
 F = Levels seen in this place.
 G = Mean time per level.
                   A        B        C        D        E       F      G
               +--------+--------+--------+--------+--------+-----+--------+
         Total |   2146 |   2092 |     54 |    167 |   1417 |   5 |  429.2 |
       Dungeon |   2146 |   2092 |     54 |    167 |   1417 |   5 |  429.2 |
               +--------+--------+--------+--------+--------+-----+--------+

Top non-repeatable levels by time:
     D:2: 1010 daAuts
     D:1: 900 daAuts
     D:3: 159 daAuts
     D:4: 72 daAuts
     D:5: 2 daAuts
